 Dungeon Crawl Stone Soup version 0.22-a0-417-g1387785 (webtiles) character file.

1 galech the Thaumaturge (level 1, 0/13 HPs)
             Began as a Gnoll Wanderer on May 14, 2018.
             Slain by a bat (1 damage)
             ... on level 1 of the Dungeon.
             The game lasted 00:00:08 (53 turns).

galech the Thaumaturge (Gnoll Wanderer)               Turns: 53, Time: 00:00:09

Health: 0/13       AC:  2    Str: 13    XL:     1   Next: 20%
Magic:  10/10      EV: 11    Int: 14    God:
Gold:   12         SH:  0    Dex: 15    Spells: 18/18 levels left

rFire    . . .     SeeInvis .   e - +0 dagger
rCold    . . .     Gourm    .   (no shield)
rNeg     . . .     Faith    .   d - +0 robe
rPois    .         Spirit   .   (no helmet)
rElec    .         Reflect  .   (no cloak)
rCorr    .         Harm     .   (no gloves)
MR       .....                  (no boots)
Stlth    +.........             (no amulet)
HPRegen  0.04/turn              (no ring)
MPRegen  0.12/turn              (no ring)

@: no status effects
A: distributed training, fangs 1, strong nose
a: no special abilities


You were on level 1 of the Dungeon.
You were not hungry.

You visited 1 branch of the dungeon, and saw 1 of its levels.

You collected 12 gold pieces.

Inventory:

Hand Weapons
 e - a +0 dagger (weapon)
Armour
 d - a +0 robe (worn)
Scrolls
 b - a scroll of fog {unknown}
Potions
 a - a potion of cancellation {unknown}
 c - a potion of curing {unknown}
Comestibles
 f - a ration


   Skills:
 + Level 0.0 Fighting
 + Level 0.0 Short Blades
 + Level 0.0 Long Blades
 + Level 0.0 Axes
 + Level 0.0 Maces & Flails
 + Level 0.0 Polearms
 + Level 0.0 Staves
 + Level 0.0 Slings
 + Level 0.0 Bows
 + Level 0.0 Crossbows
 + Level 2.3 Throwing
 + Level 0.0 Armour
 + Level 0.0 Dodging
 + Level 0.0 Stealth
 + Level 2.3 Shields
 + Level 0.0 Unarmed Combat
 + Level 9.2 Spellcasting
 + Level 0.0 Conjurations
 + Level 0.0 Hexes
 + Level 0.0 Charms
 + Level 0.0 Summonings
 + Level 7.0 Necromancy
 + Level 0.0 Translocations
 + Level 0.0 Transmutations
 + Level 0.0 Fire Magic
 + Level 0.0 Ice Magic
 + Level 0.0 Air Magic
 + Level 0.0 Earth Magic
 + Level 0.0 Poison Magic
 + Level 0.0 Invocations
 + Level 0.0 Evocations


You had 18 spell levels left.
You didn't know any spells.
Your spell library contained the following spells:

 Spells                   Type           Power        Failure   Level  Hunger
 Conjure Flame            Conj/Fire      #.......     34%         3    ##.....
 Animate Dead             Necr           N/A          6%          4    ####...
 Pain                     Necr           ####         1%          1    None
 Animate Skeleton         Necr           N/A          1%          1    None
 Vampiric Draining        Necr           ####......   1%          3    ##.....
 Regeneration             Chrm/Necr      ###.......   9%          3    ##.....
 Flame Tongue             Conj/Fire      #....        12%         1    None
 Call Canine Familiar     Summ           #.......     34%         3    ##.....
 Summon Butterflies       Summ           #.......     12%         1    None


Dungeon Overview and Level Annotations

Branches:
Dungeon (1/15)

Altars:


Innate Abilities, Weirdness & Mutations

Your experience applies equally to all skills.
You have very sharp teeth.
Your uncanny sense of smell can sniff out nearby items.


Message History

The hobgoblin is severely wounded.
The bat misses you. The kobold closely misses you.
The hobgoblin closely misses you.
The hobgoblin moves out of view.
You closely miss the hobgoblin.
The hobgoblin is severely wounded.
The bat misses you. The kobold hits you.
* * * LOW HITPOINT WARNING * * *
The hobgoblin closely misses you.
You hit the hobgoblin.
You kill the hobgoblin!
The bat hits you.
* * * LOW HITPOINT WARNING * * *
The kobold closely misses you.
A giant cockroach comes into view.
The bat closely misses you.
Things that are here:
a club; a hobgoblin corpse Unknown command.
You closely miss the bat. Your bite misses the bat. The bat hits you.
You die...

##..<......#.#
#.......#..#.####
#......#.##.#.. .##
#......##.##.#.##..####
......###.##.#........
.....## ..##...#.##.#
....# .####..g#.?# ...#
. #..#K# #..#@# ∆
#..b#s.# #..#.##.#
#..... .. ...## # #..
#### #


You could see a giant cockroach, a hobgoblin, a bat and a kobold.

Vanquished Creatures
  A hobgoblin (D:1)
1 creature vanquished.

Notes
Turn   | Place    | Note
-------+----------+-------------------------------------------
     0 | D:1      | Reached skill level 9 in Spellcasting
     0 | D:1      | galech the Gnoll Wanderer began the quest for the Orb.
     0 | D:1      | galech set off with: a +0 robe, a +0 dagger, a ration
     0 | D:1      | Reached XP level 1. HP: 13/13 MP: 10/10
    53 | D:1      | Slain by a bat

Vault maps used:
D:1:      dpeg_arrival_central, minmay_small_reverse_x

Skill      XL: | |
---------------+-+-----
Spellcasting   | |  9.2
Throwing       | |  2.3
Shields        | |  2.3
Necromancy     | |  7.0

Action                   || total
-------------------------++-------
Melee: Dagger            ||    10
       Bite              ||     2
Armor: Robe              ||     1
Dodge: Dodged            ||    16

Table legend:
 A = Spawn XP
 B = Non-spawn XP
 C = Spawn XP percentage of total XP
 D = Spawn monster count
 E = Non-spawn monster count
 F = Spawn count percentage of total count
 G = Total turns spent on level
                    A         B        C        D         E        F      G
               +---------+---------+-------+---------+---------+-------+---------
         Total |       0 |       2 |   0.0 |       0 |       1 |   0.0 |    53
               +---------+---------+-------+---------+---------+-------+---------
           D:1 |       0 |       2 |   0.0 |       0 |       1 |   0.0 |    53
               +---------+---------+-------+---------+---------+-------+---------
